 Dungeon Crawl Stone Soup version 0.24-a0-487-g57318f2ed0 (webtiles) character file.

Game seed: 953307053980937962

4172 tilp the Zephyrmancer (level 10, -2/64 HPs)
             Began as a Tengu Air Elementalist on July 10, 2019.
             Was an Elder of Vehumet.
             Slain by Maurice
             ... wielding a +0 short sword
              (6 damage)
             ... on level 9 of the Dungeon.
             The game lasted 00:33:17 (10185 turns).

tilp the Zephyrmancer (Tengu Air Elementalist)     Turns: 10185, Time: 00:33:17

Health: -2/64      AC:  9    Str:  8    XL:     10   Next: 28%
Magic:  2/17       EV: 23    Int: 18    God:    Vehumet [****..]
Gold:   692        SH:  0    Dex: 18    Spells: 1/17 levels left

rFire    . . .     SeeInvis .   z - +0 war axe (freeze)
rCold    . . .     Gourm    .   (no shield)
rNeg     . . .     Faith    +   k - +0 leather armour
rPois    .         Spirit   .   (helmet restricted)
rElec    .         Reflect  .   v - +2 cloak
rCorr    .         Harm     .   B - +2 pair of gloves
MR       .....                  (boots unavailable)
Stlth    +++.......             i - amulet of faith
HPRegen  0.20/turn              d - +4 ring of evasion
MPRegen  0.15/turn              D - +2 ring of dexterity

@: flying quickly and evasively, quick
A: beak, talons 3, able to fly
a: Stop Flying, Renounce Religion


You were on level 9 of the Dungeon.
You worshipped Vehumet.
Vehumet was greatly pleased with you.
You were very hungry.

You visited 1 branch of the dungeon, and saw 9 of its levels.
You also visited: Sewer.

You collected 692 gold pieces.

Inventory:

Hand Weapons
 a - a +1 dagger
 z - a +0 war axe of freezing (weapon)
 A - a +2 trident of protection
 C - the cursed +1 flail of the World {vamp, Dex+4}
   (You found it on level 7 of the Dungeon)

   It inflicts no extra harm, but heals its wielder when it wounds a living foe.
   It affects your dexterity (+4).
   It has a curse placed upon it.
Missiles
 l - 42 poisoned darts
 w - 15 boomerangs (quivered)
 J - 3 throwing nets
Armour
 k - a +0 leather armour (worn)
 v - a +2 cloak (worn)
 B - a +2 pair of gloves (worn)
Magical Staves
 y - an uncursed staff of air {unknown}
 F - an uncursed staff of earth {unknown}
Jewellery
 d - a +4 ring of evasion (left hand)
 i - an amulet of faith (around neck)
 x - an uncursed amulet of magic regeneration
 D - a +2 ring of dexterity (right hand)
Wands
 b - a wand of polymorph (18)
 f - a wand of disintegration (2)
 G - a wand of flame (17)
 I - a wand of random effects (6)
Scrolls
 g - 2 scrolls of teleportation
 o - 2 scrolls of enchant weapon
 p - a scroll of immolation
 q - 3 scrolls of remove curse
 r - a scroll of fear
 s - a scroll of blinking
 t - 6 scrolls of identify
 u - a scroll of random uselessness {unknown}
 E - a scroll of enchant armour
 H - a scroll of silence {unknown}
Potions
 e - 2 potions of curing
 h - 2 potions of mutation
 j - a potion of haste
 m - 4 potions of lignification
 n - 3 potions of heal wounds
Comestibles
 c - 18 rations


   Skills:
 - Level 8.2 Fighting
 - Level 6.5 Dodging
 - Level 4.0 Stealth
 + Level 4.0 Spellcasting
 - Level 6.0 Conjurations
 - Level 10.0 Air Magic
 - Level 4.0 Evocations


You had one spell level left.
You knew the following spells:

 Your Spells              Type           Power        Failure   Level  Hunger
a - Shock                 Conj/Air       ####         1%          1    None
b - Swiftness             Chrm/Air       ###.....     4%          2    ##.....
c - Static Discharge      Conj/Air       ####....     1%          3    ###....
d - Airstrike             Air            #####.....   1%          4    ####...
e - Mephitic Cloud        Conj/Pois/Air  ###.....     1%          3    ###....
f - Conjure Flame         Conj/Fire      ##......     5%          3    ###....

Your spell library contained the following spells:

 Spells                   Type           Power        Failure   Level  Hunger
 Freeze                   Ice            #...         6%          1    None
 Corona                   Hex            #......      22%         1    None
 Throw Frost              Conj/Ice       ##....       2%          2    ##.....
 Dazzling Spray           Conj/Hex       ##....       5%          3    ###....
 Lightning Bolt           Conj/Air       ####......   6%          5    ######.
 Throw Icicle             Conj/Ice       ##......     16%         4    ####...
 Inner Flame              Hex/Fire       #.......     17%         3    ###....
 Ensorcelled Hibernation  Hex/Ice        #.....       32%         2    ##.....
 Slow                     Hex            #.......     32%         2    ##.....
 Confuse                  Hex            #.......     54%         3    ###....
 Ozocubu's Armour         Chrm/Ice       #.......     54%         3    ###....
 Portal Projectile        Hex/Tloc       #.....       54%         3    ###....
 Tukima's Dance           Hex            #.......     54%         3    ###....
 Cause Fear               Hex            #.........   91%         4    ####...
 Leda's Liquefaction      Hex/Erth       #.........   91%         4    ####...
 Summon Ice Beast         Ice/Summ       #.......     91%         4    ####...


Dungeon Overview and Level Annotations

Branches:
Dungeon (9/15)             Temple (0/1) D:4
   Lair: D:8-11         Orc: D:9-12

Altars:
Vehumet

Shops:
D:5 %

Annotations:
D:3 Sigmund
D:8 1 runed translucent door, MirrMurr's ghost, novice GnFi
D:9 Maurice


Innate Abilities, Weirdness & Mutations

You have a beak for a mouth.
You have claws for feet.
You can fly continuously.


Message History

Casting: Airstrike (safe; 1% risk of failure)
Confirm with . or Enter, or press ? or * to list all spells.
You don't have enough magic to cast that spell.
Unknown command.
Maurice casts a spell.
Maurice flickers and vanishes!
Deactivating autopickup; reactivate with Ctrl-A.
You hit something. You freeze something. You claw something.
Your peck misses something.
You hear a zap.
Something creates a blast of freezing vapour!
You closely miss something. You claw something. Your peck misses something.
You are engulfed in freezing vapours.
Something hits you but does no damage. Something barely misses you.
You closely miss something. You claw something. Your peck misses something.
You are engulfed in freezing vapours.
Ouch! That really hurt!
* * * LOW HITPOINT WARNING * * *
Something hits you.
You die...

#...# #...#
########...#
...........#
......§§§§.#
......§§§§.#########
......§§§§§........#
#####.§§§§§........#
#..§§§@§.......#
#..§§.§{.......# .
#)§°§..........#
...#####§§§...........#
......§§§##+#.?.......#
#####...#..#.........#
#...#..####[###..#
#...#.....[...#.)#
#...#......####>.#


There were no monsters in sight!

Vanquished Creatures
  Harold (D:9)
  Pikel (D:9)
  A hippogriff (D:9)
  2 orc warriors
  Purgy (Sewer)
  2 phantoms
  A sky beast (D:8)
  3 slaves (D:9)
  2 ogres
  2 ice beasts
  A centaur (D:7)
  Blork the orc (D:4)
  2 bullfrogs
  6 scorpions
  3 wights (D:8)
  A howler monkey (D:7)
  11 crimson imps
  A centaur zombie (D:8)
  2 orc priests
  6 hounds
  3 iguanas
  Natasha (D:3)
  4 orc wizards
  3 worker ants
  A hound zombie (D:5)
  3 gnolls (D:9)
  8 adders
  A river rat (D:5)
  2 shadow imps
  2 adder zombies
  2 worms (D:5)
  2 dart slugs
  7 leopard geckos
  17 orcs
  8 giant cockroaches
  6 hobgoblins
  9 jackals
  11 kobolds
  8 quokkas
  A ball python (D:2)
  3 bats
  8 frilled lizards
  11 goblins
  A jackal skeleton (D:5)
  2 leopard gecko skeletons (D:7)
  3 quokka skeletons
  12 rats
189 creatures vanquished.

Notes
Turn   | Place    | Note
-------+----------+-------------------------------------------
     0 | D:1      | tilp the Tengu Air Elementalist began the quest for the
                  | Orb.
     0 | D:1      | Reached XP level 1. HP: 10/10 MP: 4/4
   239 | D:1      | Reached XP level 2. HP: 15/15 MP: 4/6
   626 | D:1      | Reached skill level 5 in Air Magic
   959 | D:1      | Reached XP level 3. HP: 19/19 MP: 5/7
  1729 | D:2      | Found a radiant altar of Vehumet.
  1822 | D:2      | Noticed a scorpion
  1842 | D:2      | Reached skill level 6 in Air Magic
  1916 | D:2      | Became a worshipper of Vehumet
  2011 | D:2      | Reached skill level 1 in Fighting
  2056 | D:2      | Learned a level 2 spell: Swiftness
  2060 | D:2      | Learned a level 3 spell: Static Discharge
  2166 | D:2      | Reached XP level 4. HP: 18/25 MP: 6/8
  2574 | D:3      | Gained mutation: You can fly continuously. [Tengu growth]
  2574 | D:3      | Reached XP level 5. HP: 32/32 MP: 9/9
  2851 | D:3      | Noticed Sigmund
  2950 | D:3      | Noticed Natasha
  2958 | D:3      | Killed Natasha
  3505 | D:4      | Reached XP level 6. HP: 23/38 MP: 0/10
  3552 | D:4      | Reached * piety under Vehumet
  3552 | D:4      | Offered knowledge of Freeze by Vehumet.
  3558 | D:4      | Learned a level 4 spell: Airstrike
  4121 | D:4      | Found a staircase to the Ecumenical Temple.
  4309 | D:4      | Noticed Blork the orc
  4319 | D:4      | Killed Blork the orc
  4319 | D:4      | Reached XP level 7. HP: 25/43 MP: 0/14
  4907 | D:5      | Entered Level 5 of the Dungeon
  5354 | D:5      | Found Guolim's Food Emporium.
  5431 | D:5      | Reached ** piety under Vehumet
  5431 | D:5      | Offered knowledge of Flame Tongue by Vehumet.
  5517 | D:5      | Found a glowing drain.
  5524 | Sewer    | Entered a sewer
  5668 | Sewer    | Noticed Purgy
  5700 | Sewer    | Killed Purgy
  6085 | D:5      | Reached XP level 8. HP: 15/48 MP: 2/15
  6183 | D:5      | Reached skill level 5 in Conjurations
  6265 | D:5      | Offered knowledge of Mephitic Cloud by Vehumet.
  6270 | D:5      | Learned a level 3 spell: Mephitic Cloud
  6763 | D:6      | Reached skill level 7 in Air Magic
  7474 | D:7      | Reached skill level 8 in Air Magic
  7475 | D:7      | Reached skill level 1 in Evocations
  7477 | D:7      | Reached *** piety under Vehumet
  7492 | D:7      | Noticed a two-headed ogre
  7556 | D:7      | Got a pitted flail
  7557 | D:7      | Identified the cursed +1 flail of the World {vamp, Dex+4}
                  | (You found it on level 7 of the Dungeon)
  8013 | D:7      | Noticed a manticore
  8013 | D:7      | a two-headed ogre changed into a manticore
  8283 | D:7      | Reached XP level 9. HP: 46/52 MP: 16/16
  8407 | D:8      | Reached skill level 9 in Air Magic
  8500 | D:8      | Offered knowledge of Fulminant Prism by Vehumet.
  8559 | D:8      | Found a runed translucent door.
  8559 | D:8      | Noticed MirrMurr's ghost (novice GnFi)
  8833 | D:8      | Reached skill level 10 in Air Magic
  9325 | D:9      | Reached skill level 5 in Fighting
  9325 | D:9      | Reached skill level 5 in Dodging
  9485 | D:9      | Noticed Harold
  9488 | D:9      | Reached **** piety under Vehumet
  9502 | D:9      | Killed Harold
  9502 | D:9      | Reached XP level 10. HP: 23/61 MP: 10/17
  9790 | D:9      | Offered knowledge of Conjure Flame by Vehumet.
  9935 | D:9      | Learned a level 3 spell: Conjure Flame
 10151 | D:9      | Noticed Pikel
 10167 | D:9      | Killed Pikel
 10177 | D:9      | Noticed Maurice
 10185 | D:9      | Slain by Maurice

Levels and vault maps discovered:
D:1:      eino_arrival_water_star, layout_basic, minmay_distorted
D:2:      layout_basic, lemuel_doored_altar, grunt_ministairs_6, glass_columns_a
D:3:      layout_loops_corners, uniq_sigmund, uniq_natasha
D:4:      layout_gridville, temple_hall, first_ration, uniq_blork_the_orc
D:5:      layout_basic, serial_shops, shop_fountains, gup_sewer_entry_bubbles,
          hangedman_decor_clover_reticule
D:6:      layout_gridville
D:7:      layout_rooms
D:8:      layout_basic, ebering_ghost_reflecting_pool
D:9:      layout_irregular_city, minmay_nine_imps, uniq_maurice, uniq_harold,
          uniq_pikel

Skill      XL: |  1  2  3  4  5  6  7  8  9 10 |
---------------+-------------------------------+-----
Air Magic      | 5 6 8 10 | 10.0
Fighting       | 1 2 4 6 8 |  8.2
Spellcasting   | 4 |  4.0
Dodging        | 4 6 |  6.5
Stealth        | 4 |  4.0
Conjurations   | 4 6 |  6.0
Evocations     | 4 |  4.0

Action                   |  1- 3 |  4- 6 |  7- 9 | 10-12 || total
-------------------------+-------+-------+-------+-------++-------
Melee: Dagger            |    27 |    51 |    35 |       ||   113
       Peck              |     4 |     5 |    22 |    16 ||    47
       Kick              |     3 |    10 |    54 |    23 ||    90
       War axe           |       |       |   145 |    97 ||   242
Throw: Dart              |       |     6 |    10 |       ||    16
       Boomerang         |       |       |     6 |       ||     6
 Cast: Shock             |    55 |    79 |    63 |     6 ||   203
       Airstrike         |       |     4 |    31 |     4 ||    39
 Abil: Fly               |       |     1 |       |       ||     1
Evoke: Wand              |       |       |    11 |     1 ||    12
  Use: Scroll            |       |     7 |    15 |       ||    22
       Potion            |       |     1 |       |       ||     1
 Stab: Sleeping          |     2 |     3 |    12 |     3 ||    20
       Distracted        |       |     1 |       |       ||     1
  Eat: Chunk             |     5 |     6 |    16 |     2 ||    29
       Ration            |       |       |     2 |       ||     2
Armor: Leather armour    |     6 |     9 |    48 |    18 ||    81
Dodge: Dodged            |    21 |    71 |   174 |   155 ||   421

Table legend:
 A = Non-vault XP
 B = Vault XP
 C = Vault XP percentage of total XP
 D = Non-vault monster count
 E = Vault monster count
 F = Vault count percentage of total count
                 A         B        C        D         E       F
            +---------+---------+-------+---------+---------+-------
      Total |    3608 |    2353 |  39.5 |     156 |      30 |  16.1
            +---------+---------+-------+---------+---------+-------
        D:1 |      39 |       1 |   2.5 |      23 |       1 |   4.2
        D:2 |     109 |       4 |   3.5 |      21 |       2 |   8.7
        D:3 |     125 |      35 |  21.9 |      17 |       1 |   5.6
        D:4 |     434 |      99 |  18.6 |      22 |       1 |   4.3
        D:5 |     605 |      31 |   4.9 |      18 |       8 |  30.8
        D:6 |     232 |       0 |   0.0 |       8 |       0 |   0.0
        D:7 |     512 |       0 |   0.0 |      12 |       0 |   0.0
        D:8 |     761 |       0 |   0.0 |      17 |       0 |   0.0
        D:9 |     791 |    2034 |  72.0 |      18 |      11 |  37.9
      Sewer |       0 |     149 | 100.0 |       0 |       6 | 100.0
            +---------+---------+-------+---------+---------+-------
